 Dungeon Crawl Stone Soup version 0.23.1 (webtiles) character file.

Game seed: 0

1352 LostNumber the Chiller (level 8, -6/58 HPs)
             Began as a Gnoll Ice Elementalist on Mar 10, 2019.
             Killed from afar by an electric eel (9 damage)
             ... with a bolt of electricity
             ... on level 6 of the Dungeon.
             The game lasted 00:14:30 (5772 turns).

LostNumber the Chiller (Gnoll Ice Elementalist)     Turns: 5772, Time: 00:14:31

Health: -6/58      AC:  5    Str: 10    XL:     8   Next: 63%
Magic:  0/17       EV: 15    Int: 21    God:
Gold:   276        SH:  7    Dex: 15    Spells: 5/19 levels left

rFire    . . .     SeeInvis .   g - +1 hand axe (flame)
rCold    . . .     Gourm    .   f - +2 buckler
rNeg     . . .     Faith    .   a - +0 robe
rPois    .         Spirit   .   (no helmet)
rElec    .         Reflect  .   (no cloak)
rCorr    .         Harm     .   (no gloves)
MR       .....                  A - +2 pair of boots
Stlth    ++........             (no amulet)
HPRegen  0.19/turn              (no ring)
MPRegen  0.15/turn              (no ring)

@: very slow
A: distributed training, fangs 1, strong nose
a: no special abilities


You were on level 6 of the Dungeon.
You were not hungry.

You visited 1 branch of the dungeon, and saw 6 of its levels.

You collected 380 gold pieces.
You spent 104 gold pieces at shops.

Inventory:

Hand Weapons
 g - a +1 hand axe of flaming (weapon)
   (You found it on level 1 of the Dungeon)
Armour
 a - a +0 robe (worn)
 f - a +2 buckler (worn)
   (You found it on level 1 of the Dungeon)
 A - a +2 pair of boots (worn)
   (You found it on level 5 of the Dungeon)
Jewellery
 o - an uncursed ring of ice {unknown}
   (You found it on level 3 of the Dungeon)
 q - an uncursed ring of positive energy {unknown}
   (You found it on level 3 of the Dungeon)
 u - an uncursed ring of flight {unknown}
   (You found it on level 4 of the Dungeon)
Wands
 v - a wand of digging (7)
   (You found it on level 3 of the Dungeon)
Scrolls
 b - 8 scrolls of identify {unknown}
 d - 3 scrolls of amnesia {unknown}
 h - a scroll of fear {unknown}
 j - 2 scrolls of teleportation {unknown}
 k - 2 scrolls of remove curse {unknown}
 m - a scroll of magic mapping {unknown}
 p - a scroll of noise {unknown}
 s - a scroll of enchant armour {unknown}
 w - a scroll of random uselessness {unknown}
 x - a scroll of fog {unknown}
 y - a scroll of enchant weapon {unknown}
 z - a scroll of immolation {unknown}
Potions
 c - 8 potions of curing {@q1}
 i - 2 potions of might {unknown}
 l - 2 potions of ambrosia {unknown}
 n - 2 potions of heal wounds {@q2}
 r - a potion of mutation {unknown}
 t - 2 potions of degeneration {unknown}
 B - a potion of resistance {unknown}
Comestibles
 e - 14 rations {!d}


   Skills:
 + Level 3.3 Fighting
 + Level 3.3 Short Blades
 + Level 3.3 Long Blades
 + Level 3.3 Axes
 + Level 3.3 Maces & Flails
 + Level 3.3 Polearms
 + Level 3.3 Staves
 + Level 3.3 Slings
 + Level 3.3 Bows
 + Level 3.3 Crossbows
 + Level 3.3 Throwing
 + Level 3.3 Armour
 + Level 5.7 Dodging
 + Level 5.4 Stealth
 + Level 3.3 Shields
 + Level 3.3 Unarmed Combat
 + Level 6.1 Spellcasting
 + Level 3.5 Conjurations
 + Level 2.7 Hexes
 + Level 2.7 Charms
 + Level 2.7 Summonings
 + Level 2.7 Necromancy
 + Level 2.7 Translocations
 + Level 2.7 Transmutations
 + Level 2.7 Fire Magic
 + Level 6.1 Ice Magic
 + Level 2.7 Air Magic
 + Level 2.7 Earth Magic
 + Level 2.7 Poison Magic
 + Level 3.7 Invocations
 + Level 3.3 Evocations


You had 5 spell levels left.
You knew the following spells:

 Your Spells              Type           Power        Failure   Level  Hunger
a - Freeze                Ice            ####         1%          1    None
b - Ozocubu's Armour      Chrm/Ice       ####....     4%          3    ##.....
c - Throw Icicle          Conj/Ice       ####....     14%         4    ####...
d - Summon Ice Beast      Ice/Summ       ####....     16%         4    ####...
x - Throw Frost           Conj/Ice       ####..       2%          2    None

Your spell library contained the following spells:

 Spells                   Type           Power        Failure   Level  Hunger


Dungeon Overview and Level Annotations

Branches:
Dungeon (6/15)
 Temple: D:4-7

Altars:
Gozag

Shops:
D:4 !

Annotations:
D:4 1 runed translucent door, rumpelstilzz's ghost, amateur TrAM


Innate Abilities, Weirdness & Mutations

Your experience applies equally to all skills.
You have very sharp teeth.
Your uncanny sense of smell can sniff out nearby items.


Message History

Unknown command.
The bullfrog misses you. The bullfrog completely misses you.
Welcome back, LostNumber the Gnoll Ice Elementalist.
Unknown command.
Aim: a bullfrog You freeze the bullfrog.
The bullfrog seems to slow down.
The bullfrog barely misses you.
Aim: a bullfrog (lightly wounded, slow)
You freeze the bullfrog. The bullfrog closely misses you.
Aim: a bullfrog (moderately wounded, slow)
You freeze the bullfrog. You block the bullfrog's attack.
Aim: a bullfrog (heavily wounded, slow)
You freeze the bullfrog! The bullfrog hits you.
Aim: a bullfrog (almost dead, slow)
You freeze the bullfrog.
You kill the bullfrog!
Unknown command.
You enter the shallow water.
Moving in this stuff is going to be slow.
An electric eel comes into view.
An electric eel is nearby!
An electric eel is nearby!
Aim: an electric eel (water, hasn't noticed you)
The puff of frost misses the electric eel.
The electric eel shoots out a bolt of lightning at you!
The bolt of electricity hits you.
Aim: an electric eel (water)
The puff of frost hits the electric eel.
The electric eel shoots out a bolt of lightning at you!
The bolt of electricity hits you!
Aim: an electric eel (water, lightly wounded)
The puff of frost hits the electric eel!
Aim: an electric eel (water, heavily wounded)
The puff of frost misses the electric eel.
The electric eel shoots out a bolt of lightning at you!
The bolt of electricity hits you!
Aim: an electric eel (water, heavily wounded)
The puff of frost hits the electric eel.
The electric eel shoots out a bolt of lightning at you!
The bolt of electricity hits you!
* * * LOW HITPOINT WARNING * * *
The electric eel shoots out a bolt of lightning at you!
The bolt of electricity hits you!
* * * LOW HITPOINT WARNING * * *
Aim: an electric eel (water, heavily wounded)
You freeze the electric eel.
Your unstable footing causes you to fumble your attack.
The electric eel shoots out a bolt of lightning at you!
The bolt of electricity hits you!
You die...

≈≈ ♣≈.≈♣ ≈. ≈♣♣♣≈.≈♣♣♣≈
≈≈≈≈≈≈≈≈≈ ≈.≈...≈..≈≈≈≈
∆ ≈≈.≈≈ ≈≈≈≈≈ ≈≈≈...
♣≈.≈♣ ♣≈.≈♣ ♣≈≈.. ≈
♣;.≈♣ ♣≈≈≈♣ ♣≈≈.
≈≈≈♣♣♣≈@≈♣♣♣≈≈≈♣♣♣≈≈#
≈≈≈≈≈≈≈≈≈≈≈≈≈≈≈≈≈≈≈.####
...≈.≈≈.≈...≈.≈..≈≈≈....
########..+#.####.......
#..................
#......#####.......
#..................
#.......###########
#.......# #########


You could see an electric eel.

Vanquished Creatures
  2 ice beasts
  A sky beast (D:4)
  2 centaurs
  2 bullfrogs (D:6)
  Blork the orc (D:4)
  A scorpion (D:4)
  2 howler monkeys
  An electric eel (D:6)
  A hound (D:4)
  A bullfrog skeleton (D:4)
  4 orc wizards
  5 worker ants
  A worker ant zombie (D:5)
  15 gnolls
  3 adders
  A shadow imp (D:5)
  An ooze (D:3)
  2 adder skeletons
  5 worms
  A dart slug (D:1)
  7 orcs
  4 bats
  7 giant cockroaches
  4 goblins
  6 hobgoblins
  4 quokkas
  2 frilled lizards (D:1)
  A jackal zombie (D:6)
  5 kobolds
  2 leopard gecko skeletons
  10 rats
104 creatures vanquished.

Vanquished Creatures (collateral kills)
  A crimson imp (D:6)
  Ijyb (D:4)
  A worker ant (D:3)
  A gnoll (D:3)
  An ooze (D:4)
  An orc (D:4)
  A ball python (D:4)
7 creatures vanquished.

Grand Total: 111 creatures vanquished

Notes
Turn   | Place    | Note
-------+----------+-------------------------------------------
     0 | D:1      | LostNumber the Gnoll Ice Elementalist began the quest for
                  | the Orb.
     0 | D:1      | Reached XP level 1. HP: 13/13 MP: 6/6
   121 | D:1      | Reached XP level 2. HP: 19/19 MP: 1/7
   844 | D:1      | Learned a level 2 spell: Throw Frost
   877 | D:2      | Reached XP level 3. HP: 24/25 MP: 1/9
   914 | D:2      | Reached skill level 5 in Spellcasting
  1128 | D:2      | Reached skill level 1 in Invocations
  1158 | D:1      | Reached skill level 1 in Fighting
  1158 | D:1      | Reached skill level 1 in Short Blades
  1158 | D:1      | Reached skill level 1 in Long Blades
  1158 | D:1      | Reached skill level 1 in Axes
  1158 | D:1      | Reached skill level 1 in Maces & Flails
  1158 | D:1      | Reached skill level 1 in Polearms
  1158 | D:1      | Reached skill level 1 in Staves
  1158 | D:1      | Reached skill level 1 in Slings
  1158 | D:1      | Reached skill level 1 in Bows
  1158 | D:1      | Reached skill level 1 in Crossbows
  1158 | D:1      | Reached skill level 1 in Throwing
  1158 | D:1      | Reached skill level 1 in Armour
  1158 | D:1      | Reached skill level 1 in Shields
  1158 | D:1      | Reached skill level 1 in Unarmed Combat
  1158 | D:1      | Reached skill level 1 in Evocations
  1158 | D:1      | Reached XP level 4. HP: 32/32 MP: 1/11
  1645 | D:3      | Reached skill level 1 in Hexes
  1645 | D:3      | Reached skill level 1 in Charms
  1645 | D:3      | Reached skill level 1 in Summonings
  1645 | D:3      | Reached skill level 1 in Necromancy
  1645 | D:3      | Reached skill level 1 in Translocations
  1645 | D:3      | Reached skill level 1 in Transmutations
  1645 | D:3      | Reached skill level 1 in Fire Magic
  1645 | D:3      | Reached skill level 1 in Air Magic
  1645 | D:3      | Reached skill level 1 in Earth Magic
  1645 | D:3      | Reached skill level 1 in Poison Magic
  1680 | D:3      | Learned a level 3 spell: Ozocubu's Armour
  1686 | D:3      | Learned a level 4 spell: Throw Icicle
  1970 | D:2      | Reached XP level 5. HP: 29/37 MP: 4/12
  2034 | D:2      | Learned a level 4 spell: Summon Ice Beast
  2323 | D:2      | Found an opulent altar of Gozag.
  2826 | D:4      | Noticed a sky beast
  2930 | D:4      | Killed a sky beast
  2930 | D:4      | Reached XP level 6. HP: 15/44 MP: 2/13
  3196 | D:4      | Reached skill level 5 in Dodging
  3648 | D:4      | Found Laypp's Distillery.
  3656 | D:4      | Bought a potion of heal wounds for 65 gold pieces
  3656 | D:4      | Bought a potion of curing for 39 gold pieces
  3666 | D:4      | Noticed Blork the orc
  3672 | D:4      | Killed Blork the orc
  3672 | D:4      | Reached XP level 7. HP: 38/50 MP: 4/15
  4111 | D:4      | Noticed Ijyb
  4116 | D:4      | Found a runed translucent door.
  4118 | D:4      | Noticed rumpelstilzz's ghost (amateur TrAM)
  4124 | D:4      | Killed Ijyb
  4329 | D:5      | Entered Level 5 of the Dungeon
  4376 | D:5      | Found an opulent altar of Gozag.
  4592 | D:5      | Reached skill level 5 in Stealth
  4924 | D:5      | Reached XP level 8. HP: 37/57 MP: 11/16
  5772 | D:6      | Killed from afar by an electric eel

Skill      XL: |  1  2  3  4  5  6  7  8 |
---------------+-------------------------+-----
Conjurations   | 2 3 |  3.5
Spellcasting   | 5 6 |  6.1
Invocations    | 1 2 3 |  3.7
Fighting       | 1 2 3 |  3.3
Short Blades   | 1 2 3 |  3.3
Long Blades    | 1 2 3 |  3.3
Axes           | 1 2 3 |  3.3
Maces & Flails | 1 2 3 |  3.3
Polearms       | 1 2 3 |  3.3
Staves         | 1 2 3 |  3.3
Slings         | 1 2 3 |  3.3
Bows           | 1 2 3 |  3.3
Crossbows      | 1 2 3 |  3.3
Throwing       | 1 2 3 |  3.3
Armour         | 1 2 3 |  3.3
Shields        | 1 2 3 |  3.3
Unarmed Combat | 1 2 3 |  3.3
Evocations     | 1 2 3 |  3.3
Hexes          | 1 2 |  2.7
Charms         | 1 2 |  2.7
Summonings     | 1 2 |  2.7
Necromancy     | 1 2 |  2.7
Translocations | 1 2 |  2.7
Transmutations | 1 2 |  2.7
Fire Magic     | 1 2 |  2.7
Air Magic      | 1 2 |  2.7
Earth Magic    | 1 2 |  2.7
Poison Magic   | 1 2 |  2.7
Dodging        | 5 |  5.7
Stealth        | 5 |  5.4
Ice Magic      | 6 |  6.1

Action                   |  1- 3 |  4- 6 |  7- 9 || total
-------------------------+-------+-------+-------++-------
Melee: Unarmed           |     2 |       |       ||     2
       Hand axe          |     6 |    36 |   105 ||   147
       Bite              |     1 |     4 |    10 ||    15
       Punch             |       |       |     1 ||     1
 Cast: Freeze            |    32 |    61 |    65 ||   158
       Throw Frost       |     6 |     4 |     7 ||    17
       Ozocubu's Armour  |       |     1 |       ||     1
       Throw Icicle      |       |     1 |       ||     1
       Summon Ice Beast  |       |     3 |     8 ||    11
 Stab: Sleeping          |       |     5 |     3 ||     8
       Distracted        |       |       |     1 ||     1
  Eat: Chunk             |     1 |     8 |     8 ||    17
Armor: Robe              |     7 |     7 |    14 ||    28
Dodge: Dodged            |    20 |    67 |    93 ||   180
Block: Buckler           |       |       |    19 ||    19
